[Event "Tuesday 16 January Rapid Engine Tour 12+1 Rounds 9 Starts 1600 ST"]
[Site "Infinity Chess"]
[Date "2018.1.16"]
[Round "3"]
[White "MedusaV2"]
[Black "tris77"]
[Result "1/2-1/2"]
[ECO "A00"]
[WhiteElo "2391"]
[BlackElo "2308"]
[WhiteEngine "corchess_1.8.1_x64"]
[BlackEngine "Raubfisch X37a2_CTG"]
[EventType "Swiss"]
[WhiteTeam ""]
[BlackTeam ""]
[PlyCount "93"]
[TimeControl "720+1"]

1. a3 e5 2. c4 Nf6 3. Nc3 Nc6 4. Nf3 d5 5. cxd5 Nxd5 6. e4 Nxc3 7. bxc3 Bc5 
8. Bc4 O-O 9. O-O Qf6 10. d3 Bg4 11. h3 Bxf3 12. Qxf3 Qxf3 13. gxf3 Rad8 
14. Rd1 Rd6 15. Kf1 Kh8 16. Bd5 f5 17. a4 fxe4 18. Bxe4 Ne7 19. Bxb7 c6 
20. Bg5 Ng6 21. d4 exd4 22. cxd4 Bxd4 23. Be3 c5 24. Rab1 Ne5 25. Rb5 a6 
26. Rb3 h6 27. Ke2 Rfd8 28. Bf4 Re6 29. Be4 Nc4 30. Be3 Red6 31. Bxd4 cxd4 
32. Rc1 Ne5 33. Kd2 d3 34. Rc5 Nd7 35. Ra5 Nb6 36. Rb4 g5 37. h4 gxh4 
38. Rh5 Nd7 39. Rc4 a5 40. Rc3 Nb6 41. Rxh4 Nxa4 42. Rc7 Nb2 43. Rg4 R6d7 
44. Rc6 Rd6 45. Rc7 R6d7 46. Rc6 Rd6 47. Rc7 1/2-1/2

[Event "Tuesday 16 January Rapid Engine Tour 12+1 Rounds 9 Starts 1600 ST"]
[Site "Infinity Chess"]
[Date "2018.1.16"]
[Round "3"]
[White "ivrdurant"]
[Black "zzsam_Mat_Pahang"]
[Result "1/2-1/2"]
[ECO "C55"]
[WhiteElo "2420"]
[BlackElo "2351"]
[WhiteEngine "Raubfisch X37b1._CTG"]
[BlackEngine "Houdini 6"]
[EventType "Swiss"]
[WhiteTeam ""]
[BlackTeam ""]
[PlyCount "169"]
[TimeControl "720+1"]

1. e4 e5 2. Nf3 Nc6 3. Bc4 Nf6 4. d3 Bc5 5. O-O O-O 6. c3 d6 7. Bg5 h6 8. Bh4 a6 
9. a4 g5 10. Bg3 Ba7 11. Nbd2 Kg7 12. Ba2 Nh7 13. Nc4 h5 14. h4 g4 15. Nfd2 Ne7 
16. Ne3 Ng6 17. d4 Nxh4 18. dxe5 dxe5 19. Bxe5+ f6 20. Bg3 Bxe3 21. fxe3 Ng6 
22. Nb3 Qe7 23. Bf4 Qxe4 24. Qd2 Qe8 25. Nd4 c5 26. Ne2 Be6 27. Bxe6 Qxe6 
28. Ng3 Rad8 29. Nxh5+ Kg8 30. Qc2 f5 31. Bh6 Rf7 32. Ng3 Ne7 33. Bf4 c4 
34. Rad1 Rd5 35. Qe2 b5 36. axb5 axb5 37. Qf2 Nf6 38. Ra1 Ng6 39. Bg5 Ne4 
40. Nxe4 Qxe4 41. Ra6 Kg7 42. Qg3 Qe5 43. Qh2 Qxh2+ 44. Kxh2 Rd2 45. Kg3 Rxb2 
46. Rh1 Rd2 47. Bh6+ Kh7 48. Bg5+ Kg7 49. Bh6+ Kh7 50. Rh5 Rd5 51. Kh2 Ne7 
52. Rb6 Kg8 53. Rb8+ Kh7 54. Bf4+ Kg7 55. Rg5+ Kh7 56. Rh5+ Kg7 57. Rg5+ Kh7 
58. Rb7 Rd8 59. Rh5+ Kg8 60. Bg5 g3+ 61. Kxg3 Rd3 62. Bf4 Ng6 63. Rb8+ Rf8 
64. Rxf8+ Kxf8 65. Rxf5+ Ke7 66. Bg5+ Kd7 67. Rxb5 Rxc3 68. Rf5 Rc1 69. e4 Ra1 
70. Kg4 c3 71. Rf7+ Kc8 72. Rf5 Kd7 73. Rc5 Ra2 74. g3 c2 75. e5 Ra1 76. Kh5 Ra6 
77. g4 Re6 78. Rxc2 Nxe5 79. Bf4 Nxg4 80. Rc7+ Kd8 81. Kxg4 Re4 82. Rc1 Re8 
83. Kf5 Rf8+ 84. Ke4 Rf7 85. Bd6 1/2-1/2

[Event "Tuesday 16 January Rapid Engine Tour 12+1 Rounds 9 Starts 1600 ST"]
[Site "Infinity Chess"]
[Date "2018.1.16"]
[Round "3"]
[White "Dovahkiin"]
[Black "RonWeasley"]
[Result "1/2-1/2"]
[ECO "C11"]
[WhiteElo "2372"]
[BlackElo "2444"]
[WhiteEngine "BrainFish_180113_x64_modern_CTG"]
[BlackEngine "BrainFish 130117_CTG"]
[EventType "Swiss"]
[WhiteTeam ""]
[BlackTeam ""]
[PlyCount "137"]
[TimeControl "720+1"]

1. e4 e6 2. d4 d5 3. Nc3 Nf6 4. e5 Nfd7 5. f4 c5 6. Nf3 Nc6 7. Be3 cxd4 
8. Nxd4 Qb6 9. Qd2 Qxb2 10. Rb1 Qa3 11. Bb5 Nxd4 12. Bxd4 a6 13. Bxd7+ Bxd7 
14. Rb3 Qe7 15. Rxb7 Rc8 16. O-O Qd8 17. Qe3 Rc4 18. Rfb1 Be7 19. f5 Bg5 
20. Qd3 O-O 21. Ne4 Bc8 22. Bb6 Be3+ 23. Qxe3 Qh4 24. Nf6+ gxf6 25. Rc7 exf5 
26. Rxc4 dxc4 27. exf6 Kh8 28. Bc7 Rg8 29. Bg3 Qg4 30. Qf4 c3 31. a3 Be6 
32. Re1 Rd8 33. Qe3 Bd5 34. Qe8+ Rxe8 35. Rxe8+ Qg8 36. Rxg8+ Kxg8 37. Be5 Be4 
38. Bxc3 Bxc2 39. Kf2 h5 40. Kf3 Kh7 41. Kf4 Kg6 42. h4 Kh6 43. Ke5 Kg6 
44. g3 Be4 45. a4 a5 46. Bxa5 Bc2 47. Bd8 Bxa4 48. Ba5 Bc2 49. Bb6 Bb1 
50. Bc5 Be4 51. Bb6 Bd3 52. Bd8 Be4 53. Ba5 Bc2 54. Bb4 Bd3 55. Bf8 Be4 
56. Ba3 Bc2 57. Bc5 Be4 58. Be7 Bd3 59. Ba3 Bc2 60. Bb2 Bd3 61. Bc3 Be4 
62. Bb2 Bd3 63. Bd4 Be4 64. Be3 Bd3 65. Bc1 Be2 66. Ba3 Bd3 67. Bc1 Be4 
68. Bg5 Bd3 69. Bc1 1/2-1/2

[Event "Tuesday 16 January Rapid Engine Tour 12+1 Rounds 9 Starts 1600 ST"]
[Site "Infinity Chess"]
[Date "2018.1.16"]
[Round "3"]
[White "miguello"]
[Black "OlivierEvan"]
[Result "1/2-1/2"]
[ECO "D31"]
[WhiteElo "2409"]
[BlackElo "2383"]
[WhiteEngine "asmFishW_2018-01-12_popcnt_CTG"]
[BlackEngine "Houdini 6"]
[EventType "Swiss"]
[WhiteTeam ""]
[BlackTeam ""]
[PlyCount "179"]
[TimeControl "720+1"]

1. d4 d5 2. c4 e6 3. Nc3 c6 4. Nf3 Nf6 5. e3 Nbd7 6. Bd3 dxc4 7. Bxc4 b5 
8. Bd3 Bb7 9. O-O a6 10. e4 c5 11. d5 Qc7 12. dxe6 fxe6 13. Bc2 c4 14. Ng5 Nc5 
15. e5 Qc6 16. f3 Nd5 17. Nxd5 Qxd5 18. Bxh7 O-O-O 19. Qxd5 Rxd5 20. Bc2 Be7 
21. Nh3 Rxe5 22. Nf4 Re8 23. Ng6 Rd5 24. Nxe7+ Rxe7 25. Be3 Red7 26. Rfc1 Kd8 
27. b3 cxb3 28. axb3 Ke7 29. h4 Nd3 30. Rd1 Kf6 31. Bb1 e5 32. Bg5+ Ke6 
33. Kh2 R5d6 34. Kg3 e4 35. fxe4 Bxe4 36. b4 Kf7 37. Ra2 Kg8 38. Rad2 Bf5 
39. Bf4 Rg6+ 40. Bg5 Rgd6 41. h5 Kh7 42. Rf1 g6 43. hxg6+ Kxg6 44. Be3 Be4 
45. Rf4 Bf5 46. Rh4 Kf6 47. Rh6+ Kg7 48. Rxd6 Rxd6 49. Kh4 Kf6 50. Re2 Kg7 
51. Rd2 Kf6 52. g4 Be4 53. Bg1 Kf7 54. Kg3 Kf6 55. Re2 Bg6 56. Be3 Kg7 
57. Rd2 Rd5 58. Ba2 Rd6 59. Rd1 Bf7 60. Bb1 Bg6 61. Bc2 Kf6 62. g5+ Ke5 
63. Bb1 Be4 64. Rf1 Re6 65. Bd2 Kd4 66. Rf7 Bd5 67. Rc7 Re2 68. Bc3+ Ke3 
69. Re7+ Be4 70. Be5 Rg2+ 71. Kh4 Rg1 72. Bxd3 Kxd3 73. Rd7+ Ke2 74. Bd6 Bg6 
75. Bc5 Rc1 76. Rd6 Rc4+ 77. Kg3 Bf5 78. Rd4 Rxd4 79. Bxd4 Kd3 80. Bc5 Kc4 
81. Kf4 Bg6 82. Bd6 Bh7 83. Bf8 Bc2 84. Ke5 Bh7 85. Kf6 Kb3 86. g6 Bxg6 
87. Kxg6 Ka4 88. Bc5 Kb3 89. Bg1 Kc4 90. Bf2 1/2-1/2

[Event "Tuesday 16 January Rapid Engine Tour 12+1 Rounds 9 Starts 1600 ST"]
[Site "Infinity Chess"]
[Date "2018.1.16"]
[Round "3"]
[White "Longin"]
[Black "MarioDeMonti"]
[Result "1/2-1/2"]
[ECO "E10"]
[WhiteElo "2426"]
[BlackElo "2422"]
[WhiteEngine "S_XPrO.251117.x64.POPCNT_CTG"]
[BlackEngine "stockfish_x64_bmi2_2018_01_13_CTG"]
[EventType "Swiss"]
[WhiteTeam ""]
[BlackTeam ""]
[PlyCount "117"]
[TimeControl "720+1"]

1. d4 Nf6 2. c4 e6 3. Nf3 d5 4. Nc3 c6 5. Bg5 h6 6. Bxf6 Qxf6 7. e3 Nd7 
8. Bd3 dxc4 9. Bxc4 g6 10. O-O Bg7 11. e4 e5 12. d5 Nb6 13. Bb3 Bg4 14. Re1 Bxf3 
15. Qxf3 Qxf3 16. gxf3 O-O 17. dxc6 bxc6 18. Rac1 Rfc8 19. Na4 Bf8 20. Re3 c5 
21. Rec3 Nxa4 22. Bxa4 Rd8 23. Bc6 Rab8 24. R1c2 Rd1+ 25. Kg2 Rb1 26. b3 Rb4 
27. Rc4 Be7 28. Rxb4 cxb4 29. Bd5 a5 30. Rc7 Kf8 31. Rc8+ Kg7 32. Rc7 Kf8 
33. Ra7 Rb2 34. Ra8+ Kg7 35. Ra7 Kf8 36. Rxa5 Bh4 37. Ra7 Rxf2+ 38. Kh3 Be7 
39. Kg3 Rd2 40. Ra8+ Kg7 41. Ra7 Kf8 42. Ra8+ Kg7 43. Ra7 Kf6 44. h4 Rc2 
45. Kg4 h5+ 46. Kg3 Rd2 47. Rb7 Rxa2 48. Rd7 Rb2 49. Rc7 Rd2 50. Rb7 Rd3 
51. Rc7 Rc3 52. Bc4 Re3 53. Kf2 Rc3 54. Kg3 Rc2 55. Rb7 Rc3 56. Kg2 Rc2+ 
57. Kg3 Rc3 58. Ra7 Rc2 59. Rb7 1/2-1/2

[Event "Tuesday 16 January Rapid Engine Tour 12+1 Rounds 9 Starts 1600 ST"]
[Site "Infinity Chess"]
[Date "2018.1.16"]
[Round "3"]
[White "KULLANI"]
[Black "Satria_Ungu"]
[Result "1-0"]
[ECO "D30"]
[WhiteElo "2430"]
[BlackElo "2428"]
[WhiteEngine "BrainFish_180106_x64_CTG"]
[BlackEngine "Houdini 6"]
[EventType "Swiss"]
[WhiteTeam ""]
[BlackTeam ""]
[PlyCount "173"]
[TimeControl "720+1"]

1. d4 d5 2. c4 e6 3. Nf3 Nf6 4. Nc3 Bb4 5. Bg5 Nbd7 6. cxd5 exd5 7. e3 h6 
8. Bh4 c5 9. Be2 g5 10. Bg3 Ne4 11. Rc1 O-O 12. Nd2 Nxg3 13. hxg3 Bxc3 
14. bxc3 cxd4 15. Nf1 dxc3 16. Rxh6 Nf6 17. Qd4 Kg7 18. Rh5 Kg6 19. Rh2 Qb6 
20. f3 Qxd4 21. exd4 Be6 22. Rxc3 Rac8 23. Rb3 Rc7 24. g4 Ne8 25. Bd3+ Kf6 
26. Rh6+ Ke7 27. Ne3 Nd6 28. Bf5 Rc6 29. Rb2 b6 30. Re2 Kd7 31. Rh5 Bxf5 
32. gxf5 Rg8 33. Kf2 Nb5 34. Ng4 Kc8 35. Rh6 Rc7 36. Rd2 Na3 37. Kg3 Rd8 
38. Rf6 Nc4 39. Re2 Rd6 40. Rh6 Rd8 41. Nf6 a5 42. Kg4 b5 43. Kxg5 b4 
44. Ng4 Kb7 45. Ne5 Re8 46. g4 a4 47. Kf4 b3 48. axb3 axb3 49. Re1 Ra8 
50. g5 Ra4 51. Nxf7 Rxf7 52. g6 Rc7 53. f6 Ra8 54. Rb1 b2 55. g7 Rg8 56. Rh7 Kc6 
57. Kg5 Rb7 58. Rh6 Nd6 59. Kg6 Ra8 60. Rh2 Rb3 61. Rh8 Ra1 62. g8=Q Rxb1 
63. Qa8+ Nb7 64. Qa6+ Rb6 65. Rc8+ Kd7 66. Qxb6 Rg1+ 67. Kh6 Rh1+ 68. Kg5 Kxc8 
69. Qc6+ Kb8 70. f7 Rh8 71. Qe8+ Ka7 72. Qxh8 b1=Q 73. f8=Q Qg1+ 74. Kf5 Qb1+ 
75. Kf6 Qb6+ 76. Kg5 Qc7 77. Qa8+ Kb6 78. Qf6+ Nd6 79. Qxd5 Qc1+ 80. f4 Qg1+ 
81. Kh6 Qh2+ 82. Kg7 Qg3+ 83. Kf8 Qxf4 84. Qxf4 Ka6 85. Qfxd6+ Ka7 86. Qa2+ Kb7 
87. Qaa6# 1-0

[Event "Tuesday 16 January Rapid Engine Tour 12+1 Rounds 9 Starts 1600 ST"]
[Site "Infinity Chess"]
[Date "2018.1.16"]
[Round "3"]
[White "hafaba"]
[Black "incredible"]
[Result "1/2-1/2 "]
[ECO "A04"]
[WhiteElo "2435"]
[BlackElo "2446"]
[WhiteEngine "Stockfish SL 07012018 POPCNT_CTG"]
[BlackEngine "Stockfish_x64_bmi2"]
[EventType "Swiss"]
[WhiteTeam ""]
[BlackTeam ""]
[PlyCount "166"]
[TimeControl "720+1"]

1. Nf3 e6 2. c4 d5 3. d4 c6 4. e3 b6 5. Bd3 Nf6 6. O-O Be7 7. Qe2 O-O 8. b3 c5 
9. cxd5 exd5 10. Ne5 Bb7 11. Bb2 cxd4 12. Bxd4 Nbd7 13. Nxd7 Nxd7 14. Nc3 Nc5 
15. Rad1 Nxd3 16. Qxd3 Qd7 17. e4 dxe4 18. Qg3 g6 19. Qe5 f6 20. Bxb6 Qe8 
21. Qc7 Bc6 22. Be3 Bd8 23. Qd6 Rf7 24. Nd5 f5 25. h3 Qd7 26. Qe5 Bxd5 
27. Rxd5 Bf6 28. Rfd1 Bxe5 29. Rxd7 a5 30. R7d5 Bc3 31. Bh6 Rb7 32. Rc1 Bf6 
33. Rc4 Kf7 34. Bf4 Ra6 35. g4 Ke6 36. Rdc5 Rb4 37. gxf5+ gxf5 38. Rc6+ Rxc6 
39. Rxc6+ Kf7 40. Rc5 a4 41. bxa4 Rxa4 42. Rxf5 Rxa2 43. Be3 Kg6 44. Rd5 h5 
45. Kg2 h4 46. Bf4 Ra4 47. Be3 Ra3 48. Rc5 Ra2 49. Kh2 Ra6 50. Rc4 Re6 
51. Kg1 Be5 52. Rc5 Bf6 53. Kh1 Be7 54. Rd5 Kg7 55. Rb5 Bf6 56. Kg2 Kg6 
57. Rd5 Ba1 58. Rg5+ Kf7 59. Kf1 Bf6 60. Rg4 Ke7 61. Ke2 Kd6 62. Bf4+ Kd5 
63. Bg5 Bxg5 64. Rxg5+ Kc4 65. Rh5 Ra6 66. Rxh4 Kd5 67. Rh8 Ke5 68. Kf1 Kf5 
69. Rf8+ Kg6 70. h4 e3 71. fxe3 Ra2 72. Rf4 Kh5 73. Kg1 Re2 74. Re4 Ra2 
75. Rc4 Rb2 76. Re4 Ra2 77. Rf4 Rb2 78. Kf1 Rh2 79. Kg1 Rd2 80. Kf1 Ra2 
81. Rb4 Rh2 82. Ke1 Ra2 83. Kd1 Rf2 1/2-1/2

[Event "Tuesday 16 January Rapid Engine Tour 12+1 Rounds 9 Starts 1600 ST"]
[Site "Infinity Chess"]
[Date "2018.1.16"]
[Round "3"]
[White "KhalidOmar"]
[Black "Neoxium"]
[Result "1/2-1/2"]
[ECO "C65"]
[WhiteElo "2447"]
[BlackElo "2448"]
[WhiteEngine "Eman 1.62 64-bit BMI2"]
[BlackEngine "SF SL FA-IDeA"]
[EventType "Swiss"]
[WhiteTeam ""]
[BlackTeam ""]
[PlyCount "63"]
[TimeControl "720+1"]

1. e4 e5 2. Nf3 Nc6 3. Bb5 Nf6 4. O-O Nxe4 5. Re1 Nd6 6. Nxe5 Be7 7. Bf1 Nxe5 
8. Rxe5 O-O 9. Nc3 Bf6 10. Re1 Re8 11. Rxe8+ Nxe8 12. Nd5 Bg5 13. c4 c6 
14. Nc3 Nc7 15. d4 d5 16. Qb3 Bxc1 17. Rxc1 Rb8 18. cxd5 Nxd5 19. Bc4 Be6 
20. Bxd5 cxd5 21. h3 Bxh3 22. Qxd5 Qxd5 23. Nxd5 Be6 24. Ne3 Kf8 25. d5 Rc8 
26. Re1 Bd7 27. f4 b5 28. g4 Ke7 29. Nc4+ Kf8 30. Ne3 Ke7 31. Nf5+ Kf8 32. Ne3 
1/2-1/2

[Event "Tuesday 16 January Rapid Engine Tour 12+1 Rounds 9 Starts 1600 ST"]
[Site "Infinity Chess"]
[Date "2018.1.16"]
[Round "3"]
[White "Wolle"]
[Black "Eman"]
[Result "1/2-1/2"]
[ECO "C55"]
[WhiteElo "2455"]
[BlackElo "2468"]
[WhiteEngine "Raubfisch X37a2_CTG"]
[BlackEngine "Eman 1.62 64-bit POPCNT"]
[EventType "Swiss"]
[WhiteTeam ""]
[BlackTeam ""]
[PlyCount "98"]
[TimeControl "720+1"]

1. e4 e5 2. Nf3 Nc6 3. Bc4 Nf6 4. d3 Bc5 5. O-O a5 6. c3 d6 7. Bg5 O-O 8. Re1 h6 
9. Bh4 g5 10. Bg3 g4 11. Bh4 gxf3 12. Qxf3 Kg7 13. Nd2 Be6 14. Rad1 Bxc4 
15. Nxc4 Qe7 16. d4 exd4 17. Qg3+ Kh7 18. Qf4 Qe6 19. Bxf6 dxc3 20. Bxc3 f5 
21. e5 d5 22. Nd2 a4 23. Nf3 Rg8 24. h3 Rg7 25. Kf1 a3 26. b3 Rd8 27. Bd2 d4 
28. b4 Nxb4 29. Bxb4 Bxb4 30. Nxd4 Qc4+ 31. Ne2 Qxf4 32. Nxf4 Rd2 33. Nd3 Rxd3 
34. Rxd3 Bxe1 35. Kxe1 Rxg2 36. Rxa3 Rg1+ 37. Kd2 Kg6 38. Rb3 Ra1 39. a3 f4 
40. Rxb7 Kf5 41. Rxc7 Rxa3 42. Rc6 Kxe5 43. Rxh6 Ra2+ 44. Ke1 Ke4 45. Rh5 Kf3 
46. h4 Ra1+ 47. Kd2 Rh1 48. Rh8 Kxf2 49. h5 Rh2 1/2-1/2

[Event "Tuesday 16 January Rapid Engine Tour 12+1 Rounds 9 Starts 1600 ST"]
[Site "Infinity Chess"]
[Date "2018.1.16"]
[Round "3"]
[White "Thor"]
[Black "angriff"]
[Result "1/2-1/2 "]
[ECO "B00"]
[WhiteElo "2471"]
[BlackElo "2471"]
[WhiteEngine "BrainFish_180113_x64_bmi2"]
[BlackEngine "Raubfisch ME262_GTZ16b1_CTG"]
[EventType "Swiss"]
[WhiteTeam ""]
[BlackTeam ""]
[PlyCount "103"]
[TimeControl "720+1"]

1. e4 Nc6 2. d4 d5 3. e5 Bf5 4. c3 e6 5. Bb5 Qd7 6. Nf3 Nge7 7. Nh4 a6 8. Ba4 f6 
9. f4 h5 10. Nd2 fxe5 11. fxe5 g5 12. Nxf5 Nxf5 13. Bc2 O-O-O 14. Nb3 Be7 
15. Bd2 g4 16. Qe2 Bh4+ 17. Kd1 Rdf8 18. Bd3 Qe8 19. Rf1 Kb8 20. Nc5 Ng7 
21. Kc2 Be7 22. b4 Bxc5 23. bxc5 Nf5 24. Kb2 Na5 25. Rab1 Ka7 26. Ka1 Rhg8 
27. Rb4 Qd7 28. Rfb1 Rb8 29. Bf4 Qc6 30. g3 Ne7 31. Rf1 Rgf8 32. Bg5 Rxf1+ 
33. Qxf1 Nf5 34. Bxf5 Rf8 35. Bf6 exf5 36. Qxf5 Nc4 37. Qd3 b6 38. cxb6+ Nxb6 
39. Rb1 Na4 40. Rb3 Nb6 41. Rb1 Na4 42. Rb3 Nb6 43. Qe2 Qc4 44. Qxc4 dxc4 
45. Rb4 Kb7 46. a4 Kc8 47. Kb2 Nd5 48. Rxc4 Nxf6 49. exf6 Rxf6 50. Kb3 Rf2 
51. Rc6 Kb7 52. Rh6 1/2-1/2

[Event "Tuesday 16 January Rapid Engine Tour 12+1 Rounds 9 Starts 1600 ST"]
[Site "Infinity Chess"]
[Date "2018.1.16"]
[Round "3"]
[White "Vimtiroba"]
[Black "THE_MACHINE"]
[Result "1/2-1/2"]
[ECO "A05"]
[WhiteElo "2479"]
[BlackElo "2486"]
[WhiteEngine "CChess@EX_CTG"]
[BlackEngine "Houdini 6"]
[EventType "Swiss"]
[WhiteTeam ""]
[BlackTeam ""]
[PlyCount "109"]
[TimeControl "720+1"]

1. Nf3 Nf6 2. d4 d5 3. c4 e6 4. g3 Bb4+ 5. Bd2 Be7 6. Bg2 O-O 7. O-O Nbd7 
8. Qc2 c6 9. Rc1 a5 10. Bf4 Nh5 11. Be3 Nhf6 12. Bf4 Nh5 13. Bd2 Nhf6 14. a4 h6 
15. Bf4 Re8 16. Nbd2 Bb4 17. e4 Nxe4 18. Nxe4 dxe4 19. Qxe4 e5 20. Nxe5 Nf8 
21. c5 g5 22. Be3 f6 23. Nxc6 bxc6 24. Qxc6 Rb8 25. Qf3 Kg7 26. c6 Qc7 
27. d5 Ng6 28. Bc5 Bxc5 29. Rxc5 Rxb2 30. Rd1 Qb6 31. Rb5 Ne5 32. Rxb6 Nxf3+ 
33. Bxf3 Rxb6 34. d6 Rd8 35. d7 Bxd7 36. cxd7 Kf7 37. Be2 Ke6 38. Bb5 Ke7 
39. Re1+ Re6 40. Rd1 g4 41. Kg2 Rb8 42. f3 gxf3+ 43. Kxf3 Kd8 44. Rc1 h5 
45. h4 Re5 46. g4 hxg4+ 47. Kxg4 Re4+ 48. Kg3 Rxb5 49. axb5 Rb4 50. h5 Rxb5 
51. Rh1 Kxd7 52. h6 Rb8 53. h7 Rh8 54. Ra1 Rxh7 55. Rxa5 1/2-1/2

[Event "Tuesday 16 January Rapid Engine Tour 12+1 Rounds 9 Starts 1600 ST"]
[Site "Infinity Chess"]
[Date "2018.1.16"]
[Round "3"]
[White "Harry_Potter"]
[Black "IronMan"]
[Result "1/2-1/2"]
[ECO "C42"]
[WhiteElo "2495"]
[BlackElo "2388"]
[WhiteEngine "Stockfish_18011309_x64_bmi2_CTG"]
[BlackEngine "Eman 1.58 64-bit BMI2"]
[EventType "Swiss"]
[WhiteTeam ""]
[BlackTeam ""]
[PlyCount "78"]
[TimeControl "720+1"]

1. e4 e5 2. Nf3 Nf6 3. Nxe5 d6 4. Nf3 Nxe4 5. d4 d5 6. Bd3 Nc6 7. Qe2 Qe7 
8. c3 Bg4 9. Nbd2 Nxd2 10. Qxe7+ Bxe7 11. Bxd2 O-O-O 12. h4 Bxf3 13. gxf3 h5 
14. O-O-O Bf6 15. Bg5 Bxg5+ 16. hxg5 Rdf8 17. f4 Ne7 18. f5 h4 19. Rh3 f6 
20. g6 Rh5 21. Be2 Rh6 22. Kd2 Rfh8 23. Rdh1 Kd7 24. Bd1 Kd6 25. Bg4 a5 
26. Ke3 Kd7 27. f4 b5 28. a3 b4 29. axb4 axb4 30. cxb4 Rb8 31. Rxh4 Ng8 
32. b3 Rxb4 33. Bd1 Rxh4 34. Rxh4 Ne7 35. Bc2 Rxb3+ 36. Kd2 Rb8 37. Rh7 Rg8 
38. Kc3 Kd6 39. Kb4 Nc6+ 1/2-1/2

[Event "Tuesday 16 January Rapid Engine Tour 12+1 Rounds 9 Starts 1600 ST"]
[Site "Infinity Chess"]
[Date "2018.1.16"]
[Round "3"]
[White "SkyPilot"]
[Black "Ninja_Bp"]
[Result "1/2-1/2"]
[ECO "C55"]
[WhiteElo "2481"]
[BlackElo "2463"]
[WhiteEngine "stockfish_x64_bmi2_2018_01_13_CTG"]
[BlackEngine "Houdini 6"]
[EventType "Swiss"]
[WhiteTeam ""]
[BlackTeam ""]
[PlyCount "182"]
[TimeControl "720+1"]

1. e4 e5 2. Nf3 Nc6 3. Bc4 Nf6 4. d3 Bc5 5. c3 d6 6. O-O h6 7. b4 Bb6 8. a4 a5 
9. b5 Ne7 10. Be3 Bxe3 11. fxe3 Ng6 12. Bb3 O-O 13. c4 c6 14. Nc3 Bd7 
15. Rc1 Qb6 16. Qd2 Be6 17. h3 Rac8 18. Qf2 Qd8 19. Nd2 Qe7 20. Rb1 Nd7 
21. Qg3 Kh8 22. Bd1 Nf6 23. Bf3 Rcd8 24. Nb3 Ra8 25. Rf2 Qd8 26. Be2 Rc8 
27. Kh2 Rg8 28. Nd2 Qc7 29. d4 c5 30. d5 Bd7 31. Rbf1 Nf8 32. Kg1 N8h7 
33. Qh2 Qd8 34. g4 g5 35. Rg2 h5 36. Rg3 h4 37. Rg2 b6 38. Kf2 Nf8 39. Bd3 Be8 
40. Ke2 N6d7 41. Ke1 f6 42. Rgg1 Ng6 43. Nf3 Qe7 44. Qg2 Qg7 45. Qh2 Ne7 
46. Qd2 Rf8 47. Qc2 Bg6 48. Kf2 Kg8 49. Kg2 Ra8 50. Rh1 Qh8 51. Nb1 Rf7 
52. Nc3 Qg7 53. Rf2 Kh7 54. Rhf1 Kg8 55. Nb1 Rff8 56. Nc3 Rac8 57. Nb1 Kh8 
58. Nbd2 Bh7 59. Qc1 Kg8 60. Qb1 Kf7 61. Kg1 Rh8 62. Qc1 Qg8 63. Nb3 Ke8 
64. Qc3 Ra8 65. Na1 Kf7 66. Nc2 Qg6 67. Nd2 Kg7 68. Na1 Qf7 69. Nab3 Kf8 
70. Nc1 Ke8 71. Na2 Kd8 72. Qc1 Qg8 73. Qb2 Ke8 74. Nc1 Kf7 75. Ne2 Bg6 
76. Nc3 Rb8 77. Ncb1 Qe8 78. Nf3 Kg7 79. Rg2 Rc8 80. Kf2 Qg8 81. Ke2 Bf7 
82. Kd1 Rf8 83. Nbd2 Rh7 84. Nb1 Ra8 85. Nbd2 Rb8 86. Qc3 Bg6 87. Nb1 Qe8 
88. Nbd2 Kh6 89. Kc1 Rf7 90. Kb2 Rf8 91. Nb1 Nf5 1/2-1/2

[Event "Tuesday 16 January Rapid Engine Tour 12+1 Rounds 9 Starts 1600 ST"]
[Site "Infinity Chess"]
[Date "2018.1.16"]
[Round "2"]
[White "IronMan"]
[Black "zzsam_Mat_Pahang"]
[Result "1-0"]
[ECO "A25"]
[WhiteElo "2372"]
[BlackElo "2367"]
[WhiteEngine "Eman 1.58 64-bit BMI2"]
[BlackEngine "Houdini 6"]
[EventType "Swiss"]
[WhiteTeam ""]
[BlackTeam ""]
[PlyCount "225"]
[TimeControl "720+1"]

1. c4 e5 2. Nc3 Nc6 3. g3 Bb4 4. Nd5 Nf6 5. Bg2 Ba5 6. Nf3 d6 7. O-O h6 
8. d4 O-O 9. e3 exd4 10. Nxd4 Nxd5 11. cxd5 Nxd4 12. Qxd4 Bb6 13. Qc3 Qg5 
14. Re1 Qe5 15. Bd2 Qxc3 16. Bxc3 Bg4 17. Rac1 Bh5 18. Rc2 f5 19. b4 Rf7 
20. Rec1 a6 21. h3 Kf8 22. Rb2 Re7 23. Kh1 g5 24. a4 Kf7 25. a5 Ba7 26. Kh2 Rae8 
27. b5 Bc5 28. Ra1 Ra8 29. bxa6 bxa6 30. Rab1 Rae8 31. Rd2 Ra8 32. Rbb2 Bg6 
33. Rb3 Bh5 34. Rdb2 Rae8 35. Rb7 Rc8 36. Rc2 Rd8 37. Bb4 Bd1 38. Rb2 Bxb4 
39. R7xb4 Kf6 40. Rc4 Rh8 41. Rd2 Bh5 42. Rdc2 Rhh7 43. Rc6 f4 44. exf4 gxf4 
45. Rxa6 f3 46. Bf1 Re1 47. Bb5 Ra1 48. Rc3 Ke5 49. Re3+ Kxd5 50. Bd3 Rg7 
51. g4 Bg6 52. Bxg6 Rxg6 53. Rxf3 Ke6 54. Re3+ Kd5 55. Kg3 h5 56. f3 Rf6 
57. Rd3+ Kc4 58. Rd2 hxg4 59. hxg4 Ra3 60. Rf2 Kd4 61. g5 Rf8 62. Ra7 Ke5 
63. Kg4 Ra1 64. Re2+ Kd5 65. Rg2 Ke5 66. Rxc7 Ra4+ 67. Kh5 Rxa5 68. Kh6 Rxf3 
69. Re7+ Kd4 70. g6 Rh3+ 71. Kg7 Kd3 72. Rd7 Kc3 73. Rxd6 Ra7+ 74. Kf6 Rf3+ 
75. Kg5 Rb7 76. Rd5 Rf8 77. Rg3+ Kc4 78. Rgd3 Ra7 79. R3d4+ Kc3 80. Rd7 Ra5+ 
81. R4d5 Ra1 82. Rc7+ Kb4 83. Rd4+ Kb3 84. g7 Rg8 85. Kg6 Rga8 86. Rh4 Rg1+ 
87. Kh7 Kb2 88. Rc6 Ra7 89. Rg6 Rf1 90. Kh8 Ra5 91. Rg2+ Kc1 92. Rc4+ Kd1 
93. Rc1+ Kxc1 94. g8=Q Rh1+ 95. Kg7 Ra7+ 96. Kf6 Ra6+ 97. Kf7 Ra7+ 98. Ke6 Ra6+ 
99. Kd5 Ra5+ 100. Kc4 Rh4+ 101. Kb3 Rb5+ 102. Kc3 Rc5+ 103. Kd3 Rh3+ 
104. Kd4 Rhc3 105. Rg1+ Kb2 106. Qg2+ Rc2 107. Qb7+ Ka2 108. Qa8+ Ra5 
109. Qxa5+ Kb3 110. Rg3+ Rc3 111. Qb5+ Ka2 112. Rxc3 Ka1 113. Ra3# 1-0

[Event "Tuesday 16 January Rapid Engine Tour 12+1 Rounds 9 Starts 1600 ST"]
[Site "Infinity Chess"]
[Date "2018.1.16"]
[Round "2"]
[White "OlivierEvan"]
[Black "Dovahkiin"]
[Result "1/2-1/2"]
[ECO "C50"]
[WhiteElo "2383"]
[BlackElo "2372"]
[WhiteEngine "Houdini 6"]
[BlackEngine "BrainFish_180113_x64_modern_CTG"]
[EventType "Swiss"]
[WhiteTeam ""]
[BlackTeam ""]
[PlyCount "103"]
[TimeControl "720+1"]

1. e4 e5 2. Nf3 Nc6 3. Bc4 Bc5 4. O-O Nf6 5. d3 d6 6. c3 O-O 7. h3 h6 8. Re1 Bb6 
9. a4 a5 10. Nbd2 Be6 11. Bxe6 fxe6 12. Nc4 Bc5 13. Be3 Bxe3 14. Rxe3 Qd7 
15. Rc1 Rf7 16. d4 exd4 17. cxd4 Raf8 18. Qb3 Nh5 19. Na3 Nf4 20. Qxb7 Nxh3+ 
21. gxh3 Rxf3 22. Qxc6 Qf7 23. Rxf3 Qxf3 24. Qc2 Rf6 25. Qd2 Qxh3 26. Rc3 Rg6+ 
27. Rg3 Rxg3+ 28. fxg3 Qxg3+ 29. Kf1 Qf3+ 30. Qf2 Qd1+ 31. Kg2 Qxa4 32. Nc2 e5 
33. Kh2 h5 34. Qd2 Qc4 35. dxe5 dxe5 36. Ne3 Qxe4 37. Qd8+ Kh7 38. Ng2 a4 
39. Qe8 Qe2 40. Qxa4 Qxb2 41. Qe4+ g6 42. Qc4 Kh6 43. Qxc7 h4 44. Qf7 e4 
45. Qf4+ g5 46. Qxe4 Qf6 47. Qe8 Qf2 48. Qg8 Qg3+ 49. Kg1 h3 50. Qa2 Qxg2+ 
51. Qxg2 hxg2 52. Kxg2 1/2-1/2

[Event "Tuesday 16 January Rapid Engine Tour 12+1 Rounds 9 Starts 1600 ST"]
[Site "Infinity Chess"]
[Date "2018.1.16"]
[Round "2"]
[White "MarioDeMonti"]
[Black "miguello"]
[Result "1/2-1/2"]
[ECO "B06"]
[WhiteElo "2423"]
[BlackElo "2408"]
[WhiteEngine "stockfish_x64_bmi2_2018_01_13_CTG"]
[BlackEngine "asmFishW_2018-01-12_popcnt_CTG"]
[EventType "Swiss"]
[WhiteTeam ""]
[BlackTeam ""]
[PlyCount "130"]
[TimeControl "720+1"]

1. e4 g6 2. d4 Bg7 3. c4 d6 4. Nf3 Nf6 5. Nc3 O-O 6. Be2 e5 7. O-O Nc6 8. d5 Ne7 
9. Ne1 Nd7 10. f3 f5 11. Nd3 f4 12. Bd2 g5 13. Be1 h5 14. Rc1 Nf6 15. c5 Ng6 
16. Nb5 Rf7 17. Qc2 Ne8 18. Nf2 a6 19. Na3 b6 20. b4 Nf6 21. Qd1 Bf8 22. Nc4 Rg7 
23. Kh1 b5 24. Na5 Qe8 25. Rg1 Kh8 26. Nb3 Be7 27. Rc3 Kg8 28. a3 Nh8 
29. g3 fxg3 30. Rxg3 Ng6 31. Rg1 Nf4 32. Bd2 Kh8 33. Rc1 g4 34. Bxf4 exf4 
35. Nd3 Nh7 36. Nd4 dxc5 37. bxc5 Bf6 38. Nxf4 Ng5 39. Qd2 gxf3 40. e5 Bxe5 
41. Nxf3 Ne4 42. Rxg7 Bxg7 43. Qe1 Bh6 44. Qh4 Bg4 45. Rg1 Bxf4 46. Rxg4 Bg3 
47. Rxg3 Nxg3+ 48. hxg3 Qxe2 49. Qxh5+ Kg7 50. Qg4+ Kf8 51. Qf4+ Ke8 
52. Qf5 Qf1+ 53. Kh2 Qf2+ 54. Kh3 Qxc5 55. Qg6+ Ke7 56. Qe4+ Kf6 57. Qe5+ Kf7 
58. Ng5+ Kg6 59. Nf3 Kf7 60. Ng5+ Kg6 61. Qe6+ Kxg5 62. Qe5+ Kh6 63. Qe6+ Kg5 
64. Qe5+ Kh6 65. Qe6+ Kg5 1/2-1/2